 Dungeon Crawl Stone Soup version 0.28.0 (webtiles) character file.

Game seed: 7355373538429303361

11292 Pooter the Cleaver (level 11, 0/133 HPs)
             Began as a Minotaur Berserker on Feb 13, 2022.
             Was an Elder of Trog.
             Slain by Rupert (21 damage)
             ... on level 2 of the Orcish Mines.
             The game lasted 01:08:37 (12625 turns).

Pooter the Cleaver (Minotaur Berserker)            Turns: 12625, Time: 01:08:38

Health: 0/133      AC: 12    Str: 25    XL:     11   Next: 47%
Magic:  10/10      EV:  9    Int:  4    God:    Trog [****..]
Gold:   1124       SH: 14    Dex: 11    Spells: 10/10 levels left

rFire   + . .      SeeInvis +   a - +0 war axe
rCold   + . .      Faith    .   l - +0 kite shield
rNeg    . . .      Spirit   .   K - +4 scale mail
rPois   .          Reflect  +   (helmet restricted)
rElec   .          Harm     .   v - scarf {rC+ rF+}
rCorr   .          Rampage  .   O - +0 pair of gloves
Will    +++..                   g - +0 pair of boots
Stlth   ..........              G - amulet of reflection
HPRegen 1.32/turn               d - ring of willpower
MPRegen 0.12/turn               S - ring of see invisible

@: berserking (expiring), strong-willed, regenerating, very quick
A: horns 2, retaliatory headbutt, frail 1, sense surroundings 1
a: Renounce Religion, Berserk, Trog's Hand, Brothers in Arms


You were on level 2 of the Orcish Mines.
You worshipped Trog.
Trog was greatly pleased with you.
You visited 2 branches of the dungeon, and saw 12 of its levels.
You also visited: Ossuary.

You collected 1124 gold pieces.

Inventory:

Hand Weapons
 a - a +0 war axe (weapon)
   (You found it on level 8 of the Dungeon)
 b - a +3 hand crossbow of freezing
   (You found it on level 5 of the Dungeon)
 c - a +1 dagger of venom
   (You took it off a goblin on level 1 of the Dungeon)
 i - a +2 antimagic trident
   (You took it off an orc on level 1 of the Orcish Mines)
 k - a +0 hunting sling
   (You found it on level 1 of the Dungeon)
 q - a +4 quarterstaff of chaos
   (You took it off Crazy Yiuf on level 5 of the Dungeon)
 w - a +1 vorpal spear
   (You took it off a gnoll on level 5 of the Dungeon)
 x - a +5 trident
   (You took it off a wight on level 6 of the Dungeon)
 B - a +0 flail
   (You found it on level 1 of the Dungeon)
 E - a +1 trident of venom
   (You took it off an orc on level 7 of the Dungeon)
Missiles
 e - 3 boomerangs of dispersal {!f}
 h - 41 poisoned darts
 m - 189 stones (quivered)
 p - 12 boomerangs
 F - 30 sling bullets
 Q - 48 bolts
Armour
 g - a +0 pair of boots (worn)
   (You found it on level 1 of the Dungeon)
 l - a +0 kite shield (worn)
   (You took it off an orc on level 7 of the Dungeon)
 v - a scarf of resistance (worn)
   (You found it on level 10 of the Dungeon)
 C - a +0 plate armour
   (You took it off an orc warrior on level 7 of the Dungeon)
 K - a +4 scale mail (worn)
   (You took it off an orc on level 9 of the Dungeon)
 O - a +0 pair of gloves (worn)
   (You found it on level 9 of the Dungeon)
Jewellery
 d - a ring of willpower (left hand)
   (You found it on level 4 of the Dungeon)
 j - a ring of willpower
   (You found it on level 7 of the Dungeon)
 G - an amulet of reflection (around neck)
   (You found it on level 10 of the Dungeon)
 S - a ring of see invisible (right hand)
   (You found it on level 9 of the Dungeon)
Wands
 f - a wand of flame (35)
   (You found it on level 5 of the Dungeon)
 D - a wand of digging (3)
   (You found it on level 9 of the Dungeon)
Scrolls
 o - 2 scrolls of fog
 t - 8 scrolls of teleportation {@r4}
 u - 2 scrolls of fear
 H - a scroll of magic mapping
Potions
 n - a potion of degeneration {!q}
 r - a potion of mutation {!q}
 s - a potion of curing {@q1}
 z - 2 potions of lignification {!q}
 A - 2 potions of heal wounds {@q2}
 I - a potion of attraction {unknown}
 J - a potion of flight
 M - 2 potions of ambrosia
Miscellaneous
 L - a condenser vane (inert)
   (You found it on level 9 of the Dungeon)


   Skills:
 + Level 9.8 Fighting
 * Level 10.4(11.6) Axes
 - Level 8.0(10.4) Polearms
 - Level 10.3 Crossbows
 - Level 2.4 Armour
 - Level 2.1 Dodging
 + Level 6.8 Stealth
 + Level 5.2 Shields
 + Level 1.0 Evocations


You had 10 spell levels left.
You didn't know any spells.
Your spell library was empty.

Dungeon Overview and Level Annotations

Branches:
Dungeon (11/15)            Temple (0/1) D:7            Lair (0/6) D:11
    Orc (2/2) D:11        Ossuary (visited)
    Elf: Orc:2

Altars:
Elyvilon
Gozag
Hepliaklqana
Qazlal
Vehumet
Wu Jian
Xom
Yredelemnul
Zin
The Shining One

Shops:
D:1 (   D:4 :

Annotations:
D:7 1 runed translucent door, growler's ghost, novice TeAE
Orc:2 Rupert


Innate Abilities, Weirdness & Mutations

You have a pair of horns on your head.
You reflexively headbutt those who attack you in melee.
You are frail. (-10% HP)
You passively map a small area around you.


Message History

You slash the orc warrior! You block the orc warrior's attack.
You slash the orc warrior!
You kill the orc warrior!
Trog accepts your kill.
Things that are here:
a +0 mace; a +0 chain mail; an orc corpse You start resting.
Things that are here:
a +0 plate armour; a +0 battleaxe; a +0 short sword You see here a +0 hand axe.
There is a staircase back to the Dungeon, spattered with blood here.
There is a stone staircase leading down, spattered with blood here.
You climb downwards.
Found 36 gold pieces.
There is a stone staircase leading up here.
You now have 1112 gold pieces (gained 24).
You now have 1124 gold pieces (gained 12).
Found 30 gold pieces.
Rupert the Wild comes into view.
He is wielding a +3 vampiric battleaxe.
Rupert shouts!
You hear a shout!
Okay, then.
Okay, then.
Your skin crawls.
You feel strong-willed.
A red film seems to cover your vision as you go berserk!
You feel yourself moving faster!
You feel mighty!
You completely miss Rupert. You slash Rupert!
Rupert roars madly and goes into a rage!
Rupert goes berserk!
You slice Rupert!! You headbutt Rupert! You block Rupert's attack.
You slash Rupert!
Rupert hits you with a +3 vampiric battleaxe!!
You block Rupert's attack.
You slash Rupert!
Rupert hits you with a +3 vampiric battleaxe!!
You slice Rupert!! Rupert completely misses you. You furiously retaliate!
You headbutt Rupert! You closely miss Rupert. You slash Rupert!
Your headbutt misses Rupert.
Rupert hits you with a +3 vampiric battleaxe!!!
* * * LOW HITPOINT WARNING * * *
Rupert draws strength from your wounds!
You slash Rupert! You block Rupert's attack.
Rupert hits you with a +3 vampiric battleaxe!
* * * LOW HITPOINT WARNING * * *
Rupert draws strength from your wounds!
You barely miss Rupert. You headbutt Rupert.
Rupert hits you with a +3 vampiric battleaxe!!
You die...

##............ ..
##.....#....., ..
####......... ..
##............ ,
##.............
##.#............,
#...............
##..#.....#.....
#...@.......... ,
##.#.@##.......
#.$....##...... ,
##.##.........#
#. #..#...... *.
...##.... ##,
#.##*##. * ## * *


You could see Rupert (berserk).

Vanquished Creatures
  A hydra (D:7)
  2 two-headed ogres
  A gargoyle (D:11)
  A komodo dragon (D:11)
  A kobold demonologist (D:10)
  A troll (Orc:1)
  A hornet (D:9)
  2 wyverns
  3 wraiths
  10 yaks (D:10)
  2 steam dragons (D:7)
  A warg (D:11)
  A water moccasin (D:9)
  10 orc warriors
  An ice beast (D:7)
  2 sky beasts
  3 ogres
  2 necrophages (D:6)
  2 centaurs (D:10)
  A phantom (D:5)
  3 kobold brigands
  A gnoll sergeant (D:11)
  3 bullfrogs
  A scorpion (D:7)
  A water moccasin zombie (D:6)
  5 killer bees (D:9)
  4 wights (D:6)
  A howler monkey (D:7)
  5 centaur zombies
  2 hounds
  Crazy Yiuf (D:5)
  2 gnoll shamans (D:5)
  6 orc priests
  A bullfrog skeleton (D:6)
  13 orc wizards
  A hound zombie (D:5)
  4 mummies
  14 gnolls
  5 adders
  2 worms
  2 dart slugs (D:1)
  80 orcs
  5 bats
  4 endoplasms
  7 giant cockroaches
  6 goblins
  8 hobgoblins
  7 jackals
  13 kobolds
  4 quokkas
  6 ball pythons
  2 frilled lizards (D:1)
  3 hobgoblin zombies
  An orc zombie (D:5)
  8 rats
279 creatures vanquished.

Vanquished Creatures (collateral kills)
  A manticore (D:9)
  A gnoll sergeant (D:9)
  5 killer bees (D:9)
  2 gnolls (D:9)
  An orc (D:9)
10 creatures vanquished.

Vanquished Creatures (others)
  A white imp (D:7)
  3 fungi (D:5)
  5 plants (D:5)
9 creatures vanquished.

Grand Total: 298 creatures vanquished

Notes
Turn   | Place    | Note
-------+----------+-------------------------------------------
     0 | D:1      | Pooter the Minotaur Berserker began the quest for the Orb.
     0 | D:1      | Reached XP level 1. HP: 19/19 MP: 0/0
   318 | D:1      | Reached XP level 2. HP: 23/27 MP: 1/1
   553 | D:1      | Found Puefaom's Antique Weapon Shoppe.
   797 | D:1      | Reached skill level 1 in Stealth
   800 | D:1      | Reached XP level 3. HP: 32/33 MP: 2/2
   841 | D:1      | Reached ** piety under Trog
  1070 | D:1      | Found a faded altar of an unknown god.
  1641 | D:2      | Reached XP level 4. HP: 37/40 MP: 3/3
  1711 | D:2      | Reached skill level 5 in Axes
  2112 | D:2      | You fall into a shaft and drop 2 floors!
  2132 | D:4      | Found Fon Bayll's Book Boutique.
  2561 | D:4      | Gained mutation: You passively map a small area around you.
                  | [potion of mutation]
  2561 | D:4      | Gained mutation: You are frail. (-10% HP) [potion of
                  | mutation]
  2561 | D:4      | HP: 1/36 [poisoned by a kobold]
  2876 | D:4      | Reached *** piety under Trog
  3195 | D:5      | Entered Level 5 of the Dungeon
  3202 | D:5      | Found a shimmering altar of Xom.
  3214 | D:5      | Reached XP level 5. HP: 25/42 MP: 4/4
  3269 | D:5      | Noticed a phantom
  3360 | D:5      | Noticed a sky beast
  3365 | D:5      | Killed a sky beast
  3366 | D:5      | Reached skill level 5 in Fighting
  3375 | D:5      | Reached XP level 6. HP: 45/50 MP: 5/5
  3473 | D:5      | Reached skill level 1 in Crossbows
  3542 | D:5      | Reached XP level 7. HP: 18/54 MP: 6/6
  3570 | D:5      | Found a runed translucent door.
  3571 | D:5      | Noticed Crazy Yiuf
  3670 | D:5      | Found a sand-covered staircase.
  3677 | Ossuary  | Entered an ossuary
  4368 | D:5      | Killed Crazy Yiuf
  4571 | D:6      | Found a glowing golden altar of the Shining One.
  4999 | D:6      | Reached XP level 8. HP: 33/63 MP: 7/7
  5530 | D:6      | Found a radiant altar of Vehumet.
  5811 | D:6      | Found a basalt altar of Yredelemnul.
  5906 | D:7      | Reached skill level 5 in Crossbows
  6462 | D:7      | Found a staircase to the Ecumenical Temple.
  6528 | D:7      | Noticed a four-headed hydra
  6533 | D:7      | Killed a four-headed hydra
  6534 | D:7      | Reached XP level 9. HP: 71/71 MP: 8/8
  6842 | D:7      | Found a runed translucent door.
  6842 | D:7      | Noticed growler's ghost (novice TeAE)
  6868 | D:7      | Reached skill level 10 in Axes
  7116 | D:7      | Reached skill level 1 in Polearms
  7418 | D:8      | Found an ornate altar of the Wu Jian Council.
  7439 | D:8      | Reached skill level 5 in Stealth
  7753 | D:8      | Found a white marble altar of Elyvilon.
  7847 | D:9      | Reached skill level 1 in Shields
  7848 | D:9      | Noticed a manticore
  7858 | D:9      | Killed a manticore
  7859 | D:9      | Reached XP level 10. HP: 70/79 MP: 9/9
  8464 | D:9      | Reached skill level 5 in Polearms
  8629 | D:9      | Found a hazy altar of Hepliaklqana.
  9057 | D:10     | Entered Level 10 of the Dungeon
  9075 | D:10     | Noticed a two-headed ogre
  9085 | D:10     | Killed a two-headed ogre
  9451 | D:10     | Found a glowing silver altar of Zin.
  9455 | D:10     | Found a stormy altar of Qazlal.
  9459 | D:10     | Found an opulent altar of Gozag.
 10312 | D:11     | Reached XP level 11. HP: 87/87 MP: 10/10
 10320 | D:11     | Found a staircase to the Lair.
 10675 | D:11     | Found a staircase to the Orcish Mines.
 10703 | D:11     | Reached skill level 10 in Crossbows
 10994 | D:11     | Noticed a two-headed ogre
 11001 | D:11     | Killed a two-headed ogre
 11193 | Orc:1    | Entered Level 1 of the Orcish Mines
 11516 | D:11     | Reached skill level 5 in Shields
 11689 | D:11     | Reached **** piety under Trog
 12300 | Orc:1    | Reached skill level 1 in Evocations
 12505 | Orc:2    | Entered Level 2 of the Orcish Mines
 12613 | Orc:2    | Noticed Rupert
 12625 | Orc:2    | Slain by Rupert

Illustrated notes

Levels and vault maps discovered:
D:1:      tarquinn_simple_flora_water_b, layout_basic, serial_shops,
          nicolae_shop_stone, hellmonk_ecumenical_altar_lost_god,
          minmay_misc_feat_square, grunt_decor_fettered, minmay_heptomino_w4
D:2:      layout_loops_ring, minmay_three_crescents
D:4:      layout_loops_cross, serial_shops, nicolae_shop_stone
D:5:      layout_rooms, mainiacjoe_overflow_boulevard,
          nicolae_ossuary_entry_giza, uniq_crazy_yiuf_cottage
D:6:      layout_gridville, tso_oasis_becter,
          mainiacjoe_overflow_large_starburst
D:7:      layout_rooms, minmay_temple_entry_proselytizer,
          hellmonk_ghost_happy_afterlife
D:8:      layout_gridville, nicolae_wu_jian_wuxing_cycle, lemuel_tele_altar
D:9:      layout_basic, nzn_hepliaklqana_mist_gate, chequers_garden
D:10:     layout_rooms, grunt_temple_overflow_diamond
D:11:     layout_basic, lair_entry_dummy, hiddenorc2_lemuel
Orc:1:    layout_caves, nicolae_volcano_entry_two_sided
Orc:2:    pf_orc_diabolical, layout_caves, uniq_rupert

Skill      XL: |  1  2  3  4  5  6  7  8  9 10 11 |
---------------+----------------------------------+-----
Axes           | 4 5 6 7 8 9 10 | 10.4
Fighting       | 4 5 6 7 8 9 |  9.8
Stealth        | 1 2 3 4 5 6 |  6.8
Crossbows      | 2 4 6 8 9 10 | 10.3
Polearms       | 4 7 8 |  8.0
Shields        | 1 4 5 |  5.2
Evocations     | 1 |  1.0
Armour         | |  2.4
Dodging        | |  2.1

Action                   |  1- 3 |  4- 6 |  7- 9 | 10-12 || total
-------------------------+-------+-------+-------+-------++-------
Melee: Hand axe          |     8 |     5 |       |       ||    13
       Dagger            |    38 |       |       |       ||    38
       Headbutt          |    11 |    12 |    27 |    54 ||   104
       Punch             |     1 |     1 |     1 |       ||     3
       Flail             |    37 |    91 |    37 |       ||   165
       Quarterstaff      |       |       |    95 |       ||    95
       Trident           |       |       |    26 |   123 ||   149
       War axe           |       |       |       |    66 ||    66
 Fire: Hunting sling     |     8 |    17 |       |       ||    25
       Hand crossbow     |       |    13 |    17 |   145 ||   175
Throw: Dart              |       |     5 |       |       ||     5
       Stone             |       |     4 |     5 |       ||     9
Invok: Berserk           |     1 |     6 |    10 |     6 ||    23
       Trog's Hand       |       |     3 |     7 |     7 ||    17
Evoke: Wand              |       |       |     8 |     2 ||    10
       Condenser vane    |       |       |       |     1 ||     1
  Use: Scroll            |       |     6 |     7 |    11 ||    24
       Potion            |       |     2 |     2 |       ||     4
 Stab: Sleeping          |     2 |       |       |       ||     2
Armor: Animal skin       |    19 |       |       |       ||    19
       Leather armour    |     3 |    10 |       |       ||    13
       Chain mail        |       |    53 |   130 |       ||   183
       Plate armour      |       |       |    31 |    10 ||    41
       Scale mail        |       |       |       |    54 ||    54
Dodge: Dodged            |    61 |    55 |   102 |    59 ||   277
Block: Kite shield       |       |       |       |   142 ||   142
       Reflection        |       |       |       |     4 ||     4
